Map: Newkirk Precinct TE (Void)

Players

Musumeci

  • Race: Zerg Zerg
  • League: Diamond
  • Spawn Location: 5:00

ODISEO - Winner!

  • Race: Terran Terran
  • League: Diamond
  • Spawn Location: 7:00

VOD

Have the link to the VOD?

Description

Time

  • Played on: Feb. 24, 2017, 7:13 a.m.
  • Length: 21:26
Show
View Real Time Build Order
Export as new Build Order

Musumeci Zerg 

Build Orders: Hatch First 

Get SALT Encoding   

  12  0:08  Drone x2  
  14  0:16  Drone, Extractor  
  15  0:41  Hatchery  
  14  0:46  Extractor  
  14  0:47  Drone  
  14  0:52  Extractor  
  14  0:53  Drone  
  16  0:58  Overlord  
  16  1:14  Spawning Pool  
  15  1:24  Drone x2  
  17  1:27  Extractor  
  16  1:42  Drone  
  17  2:03  Zergling x4  
  17  2:04  Spine Crawler x2  
  17  2:05  Spine Crawler  
  16  2:18  Zergling x6  
  19  2:31  Metabolic Boost  
  19  2:34  Zergling x2  
  20  2:46  Queen  
  22  2:54  Drone x2  
  24  3:02  Overlord  
  24  3:07  Zergling x2  
  25  3:13  Overlord  
  25  3:20  Zergling x2  
  25  3:41  Zergling x12  
  29  3:50  Queen  
  29  3:53  Drone  
  32  4:08  Zergling x6  
  31  4:19  Drone  
  31  4:20  Drone x2  
  33  4:27  Drone  
  33  4:28  Drone  
  35  4:35  Drone  
  36  4:50  Overlord  
  36  4:52  Overlord  
  36  4:58  Roach Warren  
  35  5:08  Queen x2, Overlord  
  35  5:13  Drone x2  
  35  5:14  Drone  
  42  5:16  Drone  
  42  5:20  Drone  
  42  5:21  Drone  
  45  5:24  Drone  
  45  5:26  Drone  
  47  5:37  Drone x4  
  47  5:38  Drone  
  47  5:41  Drone  
  52  5:50  Overlord  
  52  5:55  Extractor  
  52  5:56  Roach x3, Extractor  
  56  6:06  Extractor  
  56  6:09  Drone x2  
  56  6:10  Drone x3  
  60  6:31  Roach x4  
  68  6:46  Hatchery, Extractor  
  66  6:50  Evolution Chamber  
  66  6:53  Evolution Chamber  
  64  6:59  Roach x2  
  68  7:04  Lair  
  68  7:07  Overlord  
  68  7:08  Overlord x2  
  66  7:36  Roach x9  
  78  7:53  Roach x3  
  83  8:03  Ravager  
  83  8:04  Overlord  
  83  8:05  Overlord  
  84  8:08  Zerg Missile Weapons Level 1  
  84  8:18  Hatchery  
  83  8:21  Ravager  
  84  8:29  Roach  
  84  8:30  Roach x2  
  84  8:32  Ravager x6  
  96  8:39  Ravager x4  
  95  8:48  Spore Crawler x2  
  95  8:49  Spore Crawler x2  
  91  8:59  Zerg Ground Armor Level 1  
  91  9:02  Drone x2  
  93  9:09  Glial Reconstitution  
  90  9:36  Ravager x5  
  95  9:41  Overseer  
  90  10:01  Roach  
  90  10:02  Roach x6  
  104  10:14  Overlord x4  
  101  10:36  Ravager x2  
  101  10:37  Roach x3, Ravager  
  101  10:38  Roach x2  
  101  10:39  Drone x2  
  116  10:47  Zerg Missile Weapons Level 2  
  116  10:50  Drone  
  117  10:57  Drone x2  
  117  10:58  Drone  
  117  11:03  Drone  
  117  11:24  Roach x4  
  117  11:25  Roach x2  
  121  11:49  Drone x7, Spore Crawler  
  121  11:50  Spore Crawler x2  
  123  12:00  Ravager x2  
  107  12:24  Drone x2  
  107  12:25  Drone x2  
  107  12:27  Queen  
  115  12:32  Drone x6  
  115  12:33  Drone  
  115  12:36  Extractor  
  121  12:39  Ravager x5  
  121  12:40  Ravager  
  121  12:41  Ravager  
  128  12:50  Drone x4  
  130  13:06  Drone  
  130  13:07  Drone x4  
  129  13:25  Drone x8  
  132  13:39  Lair  
  132  13:55  Hatchery  
  131  14:01  Hatchery  
  124  14:06  Hatchery  
  124  14:08  Overlord x4  
  104  14:45  Roach  
  104  14:46  Roach x8  
  104  14:48  Roach x3  
  126  14:57  Drone  
  126  14:59  Extractor  
  126  15:01  Extractor  
  126  15:03  Roach  
  127  15:12  Roach  
  129  15:15  Ravager x6  
  129  15:16  Ravager x2  
  129  15:18  Drone  
  138  15:27  Zerg Ground Armor Level 2  
  138  15:31  Drone x2  
  140  15:44  Ravager x3  
  140  15:45  Ravager x3  
  146  15:51  Queen  
  146  15:52  Drone x2  
  146  15:53  Drone  
  136  16:10  Roach x10  
  151  16:34  Hatchery  
  151  16:35  Ravager x4  
  154  16:43  Burrow  
  154  16:49  Spine Crawler  
  154  16:52  Spine Crawler  
  154  16:53  Tunneling Claws  
  152  16:55  Spine Crawler  
  152  16:59  Drone x4, Spore Crawler  
  154  17:03  Overlord  
  154  17:04  Overlord  
  141  17:22  Roach x6  
  116  17:31  Drone x6  
  122  17:44  Roach x9  
  122  18:17  Extractor  
  122  18:18  Extractor  
  118  18:28  Roach  
  106  18:34  Roach x5  
  106  18:35  Roach x11  
  136  18:42  Roach, Drone x3  
  136  18:43  Drone x2  
  141  18:59  Ravager x12  
  153  19:18  Overlord x4  
  153  19:19  Overlord  
  153  19:38  Roach x9  
  145  19:39  Roach  
  134  20:00  Ravager  
  134  20:01  Ravager x5  
  126  20:17  Ravager x2  
  126  20:19  Roach  
  126  20:20  Roach x4  
  88  20:37  Roach x5  
  100  20:43  Extractor  
  100  20:45  Hatchery  
  100  20:49  Extractor  
  99  20:53  Roach x3  
  80  21:07  Roach  
  80  21:20  Ravager  
Show
View Real Time Build Order
Export as new Build Order

ODISEO Terran - Winner!

Build Orders: MMM Bio 

Get SALT Encoding   

  12  0:00  SCV  
  13  0:12  SCV  
  14  0:18  Supply Depot  
  14  0:24  SCV  
  15  0:38  Refinery  
  15  0:40  SCV  
  16  0:45  Barracks  
  16  0:52  SCV  
  17  1:04  SCV  
  18  1:16  SCV  
  19  1:32  Orbital Command, Marine  
  20  1:44  Command Center  
  20  1:50  Marine  
  21  1:59  Factory  
  21  2:00  SCV  
  22  2:08  Barracks Reactor  
  22  2:12  SCV  
  23  2:21  Supply Depot  
  23  2:37  Command Center  
  23  2:43  SCV  
  24  2:58  Hellion x2  
  28  3:08  Barracks Tech Lab  
  28  3:17  Orbital Command  
  28  3:18  SCV  
  29  3:22  Refinery  
  29  3:31  Marine, Stimpack  
  29  3:32  Hellion x2  
  34  3:46  SCV x2  
  36  3:49  Marine  
  36  3:54  Orbital Command  
  37  3:58  SCV  
  37  4:00  Factory Reactor  
  38  4:06  Barracks  
  38  4:09  Barracks  
  38  4:16  Marine  
  37  4:18  SCV x2  
  37  4:22  SCV  
  40  4:27  Barracks  
  40  4:30  Starport, SCV  
  41  4:34  Marine  
  41  4:35  SCV  
  41  4:36  SCV  
  44  4:43  SCV  
  44  4:44  Engineering Bay  
  45  4:48  SCV  
  45  4:49  Engineering Bay  
  46  4:54  SCV  
  46  4:55  SCV, Supply Depot  
  48  5:00  SCV  
  48  5:04  Factory Reactor  
  48  5:06  Starport Reactor  
  49  5:12  SCV, Supply Depot  
  49  5:13  SCV  
  49  5:14  Terran Infantry Weapons Level 1  
  51  5:15  Terran Infantry Armor Level 1  
  51  5:22  SCV  
  51  5:24  Barracks Reactor  
  51  5:25  SCV x2, Refinery  
  51  5:26  Refinery  
  54  5:30  Marine x4  
  54  5:31  Marine  
  59  5:38  Combat Shields  
  59  5:43  SCV x3  
  59  5:44  Medivac  
  59  5:47  Medivac  
  59  5:48  Marine  
  67  5:55  SCV  
  67  5:56  Marine  
  67  5:57  Marine x3  
  72  6:06  Marine  
  72  6:08  Armory  
  72  6:11  Orbital Command, Missile Turret  
  73  6:14  Marine  
  73  6:15  SCV x2  
  73  6:17  Missile Turret  
  76  6:27  Marine  
  77  6:33  Supply Depot  
  77  6:34  Supply Depot x2  
  77  6:36  Supply Depot  
  77  6:39  Barracks  
  77  6:42  Barracks  
  77  6:44  Barracks  
  77  6:45  Missile Turret  
  77  6:54  Marine x3  
  77  6:55  SCV x2, Marine x2, Medivac x2  
  77  6:56  Marine x2  
  77  6:58  Supply Depot  
  77  7:01  Barracks  
  90  7:05  Widow Mine x2  
  94  7:12  Marine x2  
  96  7:19  Marine x2  
  96  7:20  SCV  
  94  7:33  Terran Infantry Weapons Level 2, Terran Infantry Armor Level 2  
  94  7:36  Marine x4  
  94  7:37  SCV  
  93  7:48  Widow Mine  
  93  7:49  Widow Mine, Medivac  
  93  7:50  Medivac  
  99  7:53  Orbital Command  
  97  8:06  Marine x5  
  97  8:07  Barracks Tech Lab x3  
  102  8:17  Widow Mine  
  102  8:35  Terran Vehicle Weapons Level 1  
  102  8:59  Marauder x4, Marine x2  
  102  9:01  Widow Mine x2  
  116  9:11  Missile Turret, Supply Depot  
  116  9:14  Factory  
  116  9:15  SCV, Supply Depot  
  117  9:33  Marauder x4, Supply Depot  
  117  9:36  Widow Mine x2, Medivac x2  
  117  9:37  Supply Depot  
  133  9:41  Sensor Tower  
  133  9:54  Marine x3  
  133  9:55  Marauder x2  
  133  9:57  Supply Depot  
  133  9:59  Marauder x2  
  135  10:00  Supply Depot  
  135  10:01  Supply Depot  
  135  10:06  Medivac x2  
  139  10:08  Factory Tech Lab  
  139  10:09  Unknown  
  139  10:12  Supply Depot  
  135  10:16  Marauder x2  
  135  10:20  Marauder  
  139  10:22  Terran Infantry Weapons Level 3, Supply Depot  
  139  10:23  Marine x3, Terran Infantry Armor Level 3  
  139  10:24  Marine  
  133  10:40  Marauder x3, Marine x2  
  133  10:41  Widow Mine x3, Marauder  
  133  10:42  Marine x3  
  149  10:43  Marine  
  149  10:49  Refinery  
  153  10:58  Marine  
  153  11:01  Marauder  
  122  11:49  Marauder x2, Marine  
  127  11:58  Marauder, Marine  
  127  11:59  Marauder, Marine x2  
  130  12:06  SCV, Marine x2  
  130  12:07  Marine, Medivac x2  
  138  12:11  Marauder x2  
  135  12:16  Marine  
  135  12:22  Marauder x2, Marine  
  131  12:24  Command Center  
  131  12:32  Marauder x2  
  135  12:38  Marine x4  
  135  12:39  Medivac x2  
  135  12:40  Widow Mine x2  
  135  12:41  Siege Tank  
  135  12:42  SCV, Marine x2  
  135  12:43  Marauder x2  
  157  12:46  Terran Vehicle Weapons Level 2  
  157  12:50  SCV  
  158  12:53  Marauder, Marine  
  158  12:55  Marine  
  161  13:19  Command Center  
  146  13:22  Command Center  
  146  13:26  Sensor Tower, Command Center  
  136  13:49  Planetary Fortress  
  136  13:52  Sensor Tower  
  118  14:04  Widow Mine x2  
  118  14:05  Siege Tank  
  118  14:06  Marauder x4, Marine x2  
  118  14:07  Medivac x2  
  118  14:09  Refinery  
  137  14:27  Marauder x3  
  137  14:29  Marauder, SCV, Marine x2  
  145  14:48  Marauder x2  
  145  14:52  Unknown x4  
  149  14:56  Marauder x2, Marine  
  154  15:05  Marine x3  
  154  15:06  Widow Mine, Marine, Siege Tank  
  161  15:10  Marauder x2  
  167  15:16  Planetary Fortress  
  167  15:18  Marauder x2  
  167  15:19  Terran Vehicle Weapons Level 3  
  171  15:25  Refinery x2  
  171  15:31  Marauder  
  171  15:33  Missile Turret  
  171  15:34  Missile Turret x2  
  173  15:37  Missile Turret  
  173  15:39  Planetary Fortress  
  173  15:42  Missile Turret  
  173  15:45  Refinery  
  173  15:46  Missile Turret  
  173  15:47  Missile Turret  
  173  15:49  Refinery  
  173  15:54  Missile Turret  
  156  16:10  Medivac x2  
  156  16:11  Widow Mine x2, Siege Tank  
  162  16:12  Marauder, Marine  
  153  16:41  SCV x2  
  153  16:42  SCV x4  
  153  16:43  Marauder x2  
  163  16:48  Concussive Shells  
  163  16:50  Hi-Sec Auto Tracking  
  163  16:51  Building Armor  
  163  17:00  Supply Depot  
  163  17:01  Supply Depot  
  163  17:05  Supply Depot  
  151  17:24  Supply Depot  
  151  17:25  Marauder x3, Marine  
  151  17:28  Missile Turret  
  158  17:31  Marauder, Marine x2  
  158  17:32  Widow Mine x2, Siege Tank  
  158  17:33  Medivac x2  
  173  17:42  Starport  
  173  17:44  Starport  
  173  17:47  Marauder x3, Starport  
  173  17:49  Missile Turret, Starport  
  173  17:50  Refinery  
  179  17:52  Refinery  
  179  17:53  Missile Turret  
  179  17:54  Missile Turret x2  
  179  17:55  Missile Turret x2  
  179  18:02  Planetary Fortress  
  179  18:06  Terran Ship Weapons Level 1  
  179  18:07  Marine x3  
  179  18:08  Marine x7  
  189  18:13  Sensor Tower  
  189  18:25  Marine x5  
  189  18:26  Marine  
  194  18:37  Starport Tech Lab x2, Starport Reactor  
  194  18:38  Starport Reactor  
  179  20:14  Marauder x3  
Tags
 
Add a new tag
Caveats
  • Supply blocks, unpowered buildings, or Contaminate may cause inaccurate times.
  • Supply counts are checked every 10 seconds.